 Dungeon Crawl Stone Soup version 0.22-a0-782-g038298e (webtiles) character file.

238 Hebeh the Conjurer (level 5, 0/28 HPs)
             Began as a Deep Elf Conjurer on July 19, 2018.
             Slain by Duvessa
             ... wielding a +0 short sword
              (8 damage)
             ... while paralysed by Grinder
             ... on level 4 of the Dungeon.
             The game lasted 00:15:11 (2741 turns).

Hebeh the Conjurer (Deep Elf Conjurer)              Turns: 2741, Time: 00:15:12

Health: 0/28       AC:  3    Str:  5    XL:     5   Next: 78%
Magic:  3/14       EV:  2    Int: 21    God:
Gold:   78         SH:  0    Dex: 15    Spells: 2/13 levels left

rFire    x . .     SeeInvis .   g - +0 short sword
rCold    + . .     Gourm    .   (no shield)
rNeg     . . .     Faith    .   a - +0 robe
rPois    .         Spirit   .   (no helmet)
rElec    .         Reflect  .   (no cloak)
rCorr    .         Harm     .   q - +0 pair of gloves
MR       .....                  (no boots)
Stlth    ++........             e - amulet of magic regeneration
HPRegen  0.09/turn              z - ring of ice
MPRegen  0.39/turn              (no ring)

@: paralysed
A: no striking features
a: no special abilities


You were on level 4 of the Dungeon.
You were not hungry.

You visited 1 branch of the dungeon, and saw 4 of its levels.

You collected 78 gold pieces.

Inventory:

Hand Weapons
 g - a +0 short sword (weapon)
Missiles
 b - 120 stones (quivered)
 f - 35 sling bullets
 n - 10 arrows
 x - 30 bolts
Armour
 a - a +0 robe (worn)
 q - a +0 pair of gloves (worn)
Jewellery
 e - an amulet of magic regeneration (around neck)
 z - a ring of ice (left hand)
 C - an uncursed ring of fire {unknown}
Scrolls
 i - 5 scrolls of identify {unknown}
 s - 2 scrolls of teleportation {unknown}
 u - a scroll of fog {unknown}
 v - 2 scrolls of remove curse {unknown}
 y - a scroll of noise {unknown}
 A - 2 scrolls of magic mapping {unknown}
 B - a scroll of amnesia {unknown}
 D - a scroll of enchant armour {unknown}
 E - a scroll of blinking {unknown}
Potions
 d - a potion of berserk rage {unknown}
 h - 3 potions of lignification {unknown}
 j - a potion of mutation {unknown}
 k - 2 potions of might {unknown}
 l - a potion of curing {unknown}
 m - a potion of haste {unknown}
 o - 2 potions of agility {unknown}
 p - 2 potions of flight {unknown}
 r - a potion of degeneration {unknown}
 t - 2 potions of cancellation {unknown}
 w - a potion of heal wounds {unknown}
Comestibles
 c - 9 rations
 F - 5 chunks of flesh


   Skills:
 - Level 2.4 Dodging
 - Level 2.4 Stealth
 + Level 4.9 Spellcasting
 * Level 6.5 Conjurations
 * Level 2.3 Translocations


You had 2 spell levels left.
You knew the following spells:

 Your Spells              Type           Power        Failure   Level  Hunger
a - Magic Dart            Conj           ####         1%          1    None
b - Iskenderun's Mystic   Conj           ####....     8%          4    ####...
c - Searing Ray           Conj           ####..       1%          2    None
d - Force Lance           Conj/Tloc      ###.....     17%         4    ####...

Your spell library contained the following spells:

 Spells                   Type           Power        Failure   Level  Hunger
 Fulminant Prism          Conj/Hex       ###.......   28%         4    ####...
 Dazzling Spray           Conj/Hex       ###...       9%          3    ##.....


Dungeon Overview and Level Annotations

Branches:
Dungeon (4/15)
 Temple: D:4-7

Altars:
Gozag

Annotations:
D:3 1 runed door, Zgarb's ghost, amateur SpEn
D:4 Duvessa; Grinder


Message History

You kill Dowan!
Duvessa screams, "No!
How DARE you!"
Duvessa goes berserk!
Your Translocations skill increases to level 2!
Casting: Iskenderun's Mystic Blast (safe; 8% risk of failure)
Confirm with . or Enter, or press ? or * to list all spells.
Aiming: Iskenderun's Mystic Blast (safe; 8% risk of failure)
Press: ? - help, Shift-Dir - straight line, f - Duvessa
Aim: Duvessa, wielding a short sword and wearing a ring mail (berserk, fast, unusually strong)
The orb of energy misses Duvessa.
The orb of energy explodes!
Grinder gestures at you.
You suddenly lose the ability to move!
Grinder gestures at you. You resist with significant effort.
Duvessa hits you with a short sword. Duvessa hits you with a short sword!
Grinder blinks!
Duvessa hits you with a short sword. Duvessa hits you with a short sword.
* * * LOW HITPOINT WARNING * * *
Duvessa hits you with a short sword!
You die...

. ###(..###.......#
##..
##..........).#
#........)..##
#...........#
#...........##
#...........#
#.......#....#
##.......###...#
#.....@..# #...#
#.......e).# ....#
......$....# ....#
..........$.. ...#
..................#
.........!.....
...............
#...........[..


You could see Duvessa (berserk).

Vanquished Creatures
  Dowan (D:4)
  An orc wizard (D:4)
  A worker ant (D:4)
  An adder (D:3)
  2 river rats (D:3)
  An ooze (D:2)
  5 worms (D:2)
  2 leopard geckos
  9 orcs
  3 ball pythons (D:1)
  2 giant cockroaches
  10 goblins
  7 hobgoblins
  12 jackals
  2 quokkas
  5 bats
  2 frilled lizards
  6 kobolds
  4 rats
76 creatures vanquished.

Notes
Turn   | Place    | Note
-------+----------+-------------------------------------------
     0 | D:1      | Hebeh the Deep Elf Conjurer began the quest for the Orb.
     0 | D:1      | Reached XP level 1. HP: 10/10 MP: 6/6
   219 | D:1      | Reached XP level 2. HP: 15/15 MP: 6/8
   518 | D:1      | Reached skill level 5 in Conjurations
   798 | D:2      | Reached XP level 3. HP: 19/19 MP: 6/10
   802 | D:2      | Learned a level 2 spell: Searing Ray
  1570 | D:3      | Reached XP level 4. HP: 24/24 MP: 9/12
  1762 | D:3      | Learned a level 4 spell: Iskenderun's Mystic Blast
  1767 | D:3      | Learned a level 4 spell: Force Lance
  1899 | D:3      | Noticed Zgarb's ghost (amateur SpEn)
  1903 | D:3      | Found a runed door.
  2087 | D:3      | Reached skill level 6 in Conjurations
  2095 | D:3      | Reached skill level 1 in Translocations
  2362 | D:4      | Found an opulent altar of Gozag.
  2401 | D:4      | Reached XP level 5. HP: 17/28 MP: 6/13
  2731 | D:4      | Noticed Dowan
  2732 | D:4      | Noticed Duvessa
  2735 | D:4      | Noticed Grinder
  2736 | D:4      | Killed Dowan
  2737 | D:4      | Paralysed by Grinder for 7 turns
  2741 | D:4      | Slain by Duvessa

Vault maps used:
D:1:      zaba_arrival_water
D:2:      minmay_pentomino_p2
D:3:      gup_sewer_entry_bowl, hellmonk_ghost_happy_afterlife
D:4:      nicolae_gozag_cash_rules_everything_around_me, first_ration,
          uniq_duvessa, uniq_grinder

Skill      XL: |  1  2  3  4  5 |
---------------+----------------+-----
Conjurations   | 5 6 |  6.5
Spellcasting   | 4 |  4.9
Translocations | 1 2 |  2.3
Dodging        | |  2.4
Stealth        | |  2.4

Action                   |  1- 3 |  4- 6 || total
-------------------------+-------+-------++-------
 Cast: Magic Dart        |    85 |    75 ||   160
       Searing Ray       |     4 |     2 ||     6
       Iskenderun's Myst |       |     5 ||     5
  Eat: Chunk             |     2 |     4 ||     6
Armor: Robe              |       |     2 ||     2
Dodge: Dodged            |     1 |    15 ||    16

Table legend:
 A = Spawn XP
 B = Non-spawn XP
 C = Spawn XP percentage of total XP
 D = Spawn monster count
 E = Non-spawn monster count
 F = Spawn count percentage of total count
 G = Total turns spent on level
                    A         B        C        D         E        F      G
               +---------+---------+-------+---------+---------+-------+---------
         Total |       0 |     341 |   0.0 |       0 |      76 |   0.0 |  2741
               +---------+---------+-------+---------+---------+-------+---------
           D:1 |       0 |      31 |   0.0 |       0 |      19 |   0.0 |   614
           D:2 |       0 |      55 |   0.0 |       0 |      19 |   0.0 |   869
           D:3 |       0 |      98 |   0.0 |       0 |      31 |   0.0 |   874
           D:4 |       0 |     157 |   0.0 |       0 |       7 |   0.0 |   384
               +---------+---------+-------+---------+---------+-------+---------
